 Dungeon Crawl Stone Soup version 0.18.1-50-g88ac8fd (webtiles) character file.

2532 varam the Grappler (level 9, -7/85 HPs)
             Began as a Troll Monk on Oct 22, 2016.
             Was an Elder of Trog.
             Mangled by a warg (17 damage)
             ... on level 7 of the Dungeon.
             The game lasted 00:13:35 (5092 turns).

varam the Grappler (Troll Monk)                     Turns: 5092, Time: 00:13:36

Health: -7/85      AC:  7    Str: 21    XL:     9   Next: 30%
Magic:  8/8        EV: 12    Int:  6    God:    Trog [****..]
Gold:   426        SH:  0    Dex: 15    Spells: 0 memorised, 8 levels left

rFire  . . .     SeeInvis .       - Unarmed
rCold  . . .     Gourm    +     a - +0 robe
rNeg   . . .     Faith    .     (no shield)
rPois  .         Spirit   .     n - +1 hat {MR+}
rElec  .         Dismiss  .     x - +0 cloak
rCorr  .         Reflect  .     (gloves unavailable)
SustAt .         Harm     .     (boots unavailable)
MR     +++..                    (no amulet)
Stlth  ++........               (no ring)
                                (no ring)

@: exhausted, regenerating, slowed, drained, very slow, extremely resistant to
hostile enchantments, unstealthy
A: unfitting armour, claws 3, fast metabolism 3, gourmand, regeneration 2,
shaggy fur 1, tough skin 2
a: Berserk, Trog's Hand, Brothers in Arms, Burn Spellbooks, Renounce Religion


You were on level 7 of the Dungeon.
You worshipped Trog.
Trog was greatly pleased with you.
You were very full.

You visited 2 branches of the dungeon, and saw 9 of its levels.

You collected 426 gold pieces.

Inventory:

Hand Weapons
 t - a +0 hand axe
Missiles
 H - 74 stones (quivered)
Armour
 a - a +0 robe (worn)
 n - a +1 hat of magic resistance (worn)
 x - a +0 cloak (worn)
Jewellery
 e - a cursed -3 ring of evasion {unknown}
 g - a +5 ring of intelligence {unknown}
 l - an uncursed ring of protection from magic {unknown}
 v - a cursed ring of teleportation {unknown}
 w - an uncursed ring of resist corrosion {unknown}
Wands
 D - a wand of random effects (18/48)
 G - a wand of acid (9/15)
Scrolls
 c - 5 scrolls of immolation {unknown}
 d - 5 scrolls of identify {unknown}
 f - a scroll of recharging {unknown}
 h - 4 scrolls of fear {unknown}
 k - 2 scrolls of enchant armour {unknown}
 o - 6 scrolls of remove curse {unknown}
 p - 3 scrolls of blinking {unknown}
 q - a scroll of random uselessness {unknown}
 y - 2 scrolls of amnesia {unknown}
 A - a scroll of fog {unknown}
 I - a scroll of noise {unknown}
Potions
 i - 6 potions of might {unknown}
 j - 3 potions of curing {unknown}
 r - 2 potions of lignification {unknown}
 s - a potion of haste {unknown}
 B - 2 potions of flight {unknown}
 C - a potion of cure mutation {unknown}
 E - 2 potions of degeneration {unknown}
 J - a potion of cancellation {unknown}
Comestibles
 b - 8 bread rations
 m - 10 beef jerkies
 u - 2 meat rations
 z - 8 fruits
 F - a royal jelly


   Skills:
 + Level 4.4(4.3) Fighting
 - Level 5.8(5.7) Axes
 + Level 3.1(2.9) Throwing
 + Level 4.4(4.2) Dodging
 - Level 1.1(0.9) Stealth
 + Level 8.4(8.2) Unarmed Combat


You had 8 spell levels left.
You didn't know any spells.

Dungeon Overview and Level Annotations

Branches:
Dungeon (8/15)             Temple (1/1) D:4
   Lair: D:8-11

Altars:
Ashenzari
Cheibriados
Dithmenos
Elyvilon
Fedhas
Gozag
Kikubaaqudgha
Makhleb
Pakellas
Qazlal
Sif Muna
Trog
Vehumet
Xom
Zin
The Shining One
Lugonu


Innate Abilities, Weirdness & Mutations

You are too large for most types of armour.
You have claws for hands.
Your metabolism is lightning-fast.
You like to eat raw meat.
You heal very quickly.
You are covered in fur (AC +1).
You have very tough skin (AC +2).


Message History

You kill the giant frog!
Trog accepts your kill. The warg bites you but does no damage.
You barely miss the warg. The warg barely misses you.
You completely miss the warg. The warg barely misses you. x2
You scratch the warg but do no damage. The warg bites you.
You closely miss the warg. Your claw misses the warg.
The warg closely misses you. x2
You closely miss the warg. The warg bites you!
* * * LOW HITPOINT WARNING * * *
The warg barely misses you.
You closely miss the warg.
You feel the effects of Trog's Hand fading.
The warg closely misses you.
You claw the warg!
The warg is heavily wounded.
The warg bites you!
* * * LOW HITPOINT WARNING * * *
The warg bites you!
You die...

###### #.........# .....#
#.........#### .....##
###.........(..###
......##########.................
...............<.#..............#
.......###########..............#
.......###### #...............
#...........######...............
#.......###.....@hh..............
...........#######............)..
........#...####....>..).........
........#........................
#.....#)#####..#..........##.....
##...##.)..###.......§§§..###....
....###....# ####...§....###.....
.....####..## #.#..§§§## #.....
......# #...#####...§§§§.# #.....


You could see 2 wargs.

Vanquished Creatures
  Eustachio (D:6)
  Menkaure (D:4)
  An ice beast (D:6)
  2 sky beasts
  A black bear (D:6)
  An ogre (D:7)
  2 phantoms
  2 necrophages (D:7)
  2 giant frogs (D:7)
  A scorpion (D:6)
  3 vampire bats (D:2)
  2 wights (D:7)
  A crimson imp (D:6)
  3 centaur zombies
  4 hounds
  A jelly (D:6)
  3 orc priests
  2 giant frog skeletons (D:4)
  Crazy Yiuf (D:2)
  2 giant frog zombies
  5 orc wizards
  An iguana (D:4)
  An iron imp (D:4)
  A worker ant (D:5)
  Natasha (thrice) (D:4)
  A hound zombie (D:7)
  A worker ant zombie (D:7)
  Robin (D:2)
  8 adders
  2 shadow imps
  An ooze (D:1)
  An adder zombie (D:7)
  4 worms
  4 dart slugs
  9 giant geckos
  23 orcs
  4 bat skeletons (D:2)
  A bat zombie (D:2)
  4 giant cockroaches
  17 goblins
  6 hobgoblins
  11 jackals
  14 kobolds
  2 quokkas
  13 bats
  8 giant newts
  A jackal skeleton (D:4)
  A quokka skeleton (D:4)
  6 rats
190 creatures vanquished.

Notes
Turn   | Place    | Note
--------------------------------------------------------------
     0 | D:1      | varam the Troll Monk began the quest for the Orb.
     0 | D:1      | Reached XP level 1. HP: 22/22 MP: 0/0
   104 | D:2      | Reached XP level 2. HP: 29/29 MP: 1/1
   185 | D:2      | Found an ancient bone altar of Kikubaaqudgha.
   185 | D:2      | Noticed a vampire bat
   185 | D:2      | Noticed a vampire bat
   186 | D:2      | Noticed a vampire bat
   193 | D:2      | Killed a vampire bat
   193 | D:2      | Reached skill level 5 in Unarmed Combat
   193 | D:2      | Reached XP level 3. HP: 34/36 MP: 2/2
   195 | D:2      | Reached XP level 4. HP: 39/44 MP: 3/3
   196 | D:2      | Reached skill level 6 in Unarmed Combat
   248 | D:2      | Reached XP level 5. HP: 50/50 MP: 4/4
   278 | D:3      | Found a radiant altar of Vehumet.
   337 | D:3      | Found a shadowy altar of Dithmenos.
   390 | D:3      | Found a glowing golden altar of the Shining One.
   537 | D:4      | Noticed Eustachio
   945 | D:1      | Reached skill level 7 in Unarmed Combat
  1401 | D:4      | Reached XP level 6. HP: 57/59 MP: 5/5
  1460 | D:4      | Found a staircase to the Ecumenical Temple.
  1471 | Temple   | Entered the Ecumenical Temple
  1500 | Temple   | Became a worshipper of Trog the Wrathful
  1500 | Temple   | Reached * piety under Trog
  1500 | Temple   | Reached ** piety under Trog
  1708 | D:4      | Noticed Menkaure
  1799 | D:2      | Noticed Robin
  1815 | D:2      | Killed Robin
  2363 | D:2      | Noticed Crazy Yiuf
  2368 | D:2      | Killed Crazy Yiuf
  2368 | D:2      | Reached *** piety under Trog
  2368 | D:2      | Reached skill level 1 in Axes
  2587 | D:4      | Killed Menkaure
  2587 | D:4      | Reached XP level 7. HP: 66/66 MP: 6/6
  2616 | D:4      | Noticed Natasha
  2627 | D:4      | Killed Natasha
  2734 | D:4      | Noticed Natasha
  2744 | D:4      | Killed Natasha
  2826 | D:4      | Noticed Natasha
  2829 | D:4      | Found a burning altar of Makhleb.
  2831 | D:4      | Killed Natasha
  2948 | D:5      | Entered Level 5 of the Dungeon
  2979 | D:5      | Found a snail-covered altar of Cheibriados.
  3184 | D:5      | Found an opulent altar of Gozag.
  3185 | D:5      | Found a blossoming altar of Fedhas.
  3234 | D:5      | Reached skill level 5 in Axes
  3278 | D:5      | Found a white marble altar of Elyvilon.
  3449 | D:5      | Reached XP level 8. HP: 68/74 MP: 7/7
  3450 | D:5      | Received a gift from Trog
  3813 | D:6      | Killed Eustachio
  4110 | D:6      | Reached skill level 1 in Throwing
  4449 | D:7      | Reached skill level 8 in Unarmed Combat
  4630 | D:7      | Reached XP level 9. HP: 84/84 MP: 8/8
  4692 | D:7      | Found a deep blue altar of Sif Muna.
  5058 | D:8      | Reached **** piety under Trog
  5092 | D:7      | Mangled by a warg

Skill      XL: |  1  2  3  4  5  6  7  8  9 |
---------------+----------------------------+-----
Unarmed Combat | 5 6 7 8 |  8.4
Axes           | 2 5 |  5.8
Fighting       | 4 |  4.4
Dodging        | 4 |  4.4
Throwing       | 2 3 |  3.1
Stealth        | |  1.1

Action                   |  1- 3 |  4- 6 |  7- 9 || total
-------------------------+-------+-------+-------++-------
Melee: Unarmed           |    46 |   233 |   230 ||   509
       Punch             |       |     2 |    13 ||    15
       Hand axe          |       |     4 |    43 ||    47
Invok: Berserk           |       |     2 |     2 ||     4
       Trog's Hand       |       |       |     1 ||     1
 Stab: Sleeping          |     2 |     5 |     1 ||     8
  Eat: Chunk             |       |    24 |    24 ||    48
       Bread ration      |       |     1 |       ||     1
       Royal jelly       |       |     1 |       ||     1
Armor: Robe              |    35 |    95 |    86 ||   216
Dodge: Dodged            |    42 |   121 |   137 ||   300
